AoeStats
← BottleDry

Fortress

508487782Analyzed
4v4 RM · 9d ago on Sep 22, 2026· 37m 16s· 8 players
Game mode
Random Map
Map size
Huge
Population
200
Speed
Normal
Resources
Standard
Victory
Conquest
Starting age
Dark Age
Ending age
Imperial Age
RankedLock teamsTeams togetherTeam positionsShared explorationLock speedFull tech treeHidden civsTurbo modeCheats
Victory
Defeat
🇹🇼 Vietnamese · Taiwan
1063
+11
🇺🇸 Danes · United States
963
+15
🇹🇼 Franks · Taiwan
962
+15
🇬🇧 Varangians · United Kingdom
936
+16
🇪🇸 Franks · Spain
962
-15
🇪🇸 Italians · Spain
956
-15
🇪🇸 Bohemians · Spain
955
-15
🇪🇸 Portuguese · Spain
890
-12
BottleDry
8:10 Feudal Age
9:36 Double-Bit Axe
12:00 Castle Age
10:39 Horse Collar
11:48 Gold Mining
11:55 Man-at-Arms
13:44 Bow Saw
16:04 Loom
17:10 Stone Mining
19:45 Wheelbarrow
20:44 Heavy Plow
22:19 Scale Mail Armor
22:29 Forging
22:23 Squires
22:09 Arson
22:10 Gambesons
21:51 Long Swordsman
23:08 Hand Cart
26:56 Imperial Age
26:47 Iron Casting
26:27 Chain Mail Armor
26:03 Fletching
27:17 Gold Shaft Mining
28:51 Blast Furnace
27:15 Two-Handed Swordsman
27:25 Elite Varangian Guard
28:29 Conscription
27:38 Two-Handed Swordsman
28:30 Town Watch
30:09 Elite Jomsviking
31:59 Plate Mail Armor
32:29 Hamask
33:24 Champion
Remoaner In Chief
8:01 Feudal Age
8:25 Loom
12:51 Castle Age
11:51 Scale Barding Armor
11:50 Double-Bit Axe
13:06 Forging
14:37 Light Cavalry
16:11 Iron Casting
15:38 Horse Collar
19:54 Heavy Plow
20:31 Bloodlines
21:35 Stone Mining
21:40 Gold Mining
23:44 Wheelbarrow
23:05 Vendel Legacy
25:17 Hand Cart
25:30 Bow Saw
25:39 Padded Archer Armor
25:40 Fletching
27:03 Husbandry
27:28 Leather Archer Armor
27:13 Elite Skirmisher
27:55 Bodkin Arrow
33:41 Imperial Age
30:57 Town Watch
32:28 Chain Barding Armor
36:31 Two-Man Saw
35:06 Capped Ram
36:21 Town Patrol
35:57 Imperial Skirmisher
36:02 Cavalier
37:10 Siege Ram
迷人塑膠香
8:54 Feudal Age
10:08 Double-Bit Axe
13:11 Castle Age
15:32 Bow Saw
17:05 Wheelbarrow
16:33 Gold Mining
19:43 Hand Cart
19:22 Loom
19:41 Horse Collar
23:03 Stone Mining
23:16 Heavy Plow
27:15 Imperial Age
26:00 Crossbowman
26:45 Thumb Ring
27:52 Stone Shaft Mining
27:01 Treadmill Crane
28:39 Paper Money
27:48 Arbalester
29:11 Caravan
29:21 Fletching
29:31 Padded Archer Armor
30:40 Bodkin Arrow
32:05 Ballistics
32:46 Chemistry
31:52 Siege Engineers
34:52 Bracer
35:08 Leather Archer Armor
3345678
8:03 Feudal Age
12:10 Castle Age
10:37 Double-Bit Axe
13:15 Bow Saw
18:03 Gold Mining
22:13 Gold Shaft Mining
28:11 Imperial Age
26:25 Wheelbarrow
26:33 Wheelbarrow
25:44 Town Watch
25:45 Loom
26:12 Forging
26:07 Scale Barding Armor
26:12 Forging
26:07 Scale Barding Armor
26:06 Husbandry
26:24 Light Cavalry
28:03 Iron Casting
28:37 Cavalier
31:18 Conscription
33:07 Paladin
sandrusquids
8:57 Feudal Age
12:46 Wheelbarrow
15:35 Castle Age
13:14 Man-at-Arms
14:09 Double-Bit Axe
15:43 Loom
16:32 Long Swordsman
18:35 Hand Cart
19:38 Caravan
20:32 Bow Saw
23:07 Town Watch
23:48 Town Patrol
33:44 Imperial Age
34:44 Fletching
34:55 Padded Archer Armor
34:55 Scale Mail Armor
35:01 Scale Barding Armor
35:06 Forging
36:00 Chemistry
35:22 Ballistics
35:22 Elite Hussite Wagon
Secutor
1:14 Loom
6:36 Feudal Age
13:02 Castle Age
11:46 Double-Bit Axe
11:50 Horse Collar
22:33 Wheelbarrow
21:43 Town Watch
22:18 Gold Mining
22:20 Stone Mining
23:24 Heavy Plow
23:36 Bow Saw
27:45 Imperial Age
26:28 Stone Shaft Mining
26:24 Hand Cart
29:55 Chemistry
29:16 Ballistics
28:53 Murder Holes
28:49 Guard Tower
29:11 Fortified Wall
31:08 Scale Mail Armor
31:19 Forging
30:32 Pikeman
34:24 Elite Skirmisher
Dani-El
1:29 Loom
6:23 Loom
8:09 Feudal Age
9:14 Double-Bit Axe
9:11 Horse Collar
10:13 Wheelbarrow
14:05 Castle Age
12:54 Gold Mining
12:56 Fletching
15:47 Stone Mining
16:09 Bow Saw
16:00 Heavy Plow
23:05 Town Watch
23:44 Hand Cart
26:32 Town Patrol
26:30 Bodkin Arrow
26:36 Padded Archer Armor
27:52 Silk Road
28:36 Leather Archer Armor
29:32 Caravan
32:52 Imperial Age
33:12 Murder Holes
33:14 Elite Genoese Crossbowman
34:15 Conscription
33:57 Bracer
34:28 Ring Archer Armor
Kingyobachi
7:31 Feudal Age
13:14 Castle Age
11:02 Loom
12:29 Double-Bit Axe
14:36 Wheelbarrow
14:15 Bow Saw
13:58 Gold Mining
24:19 Imperial Age
22:42 Town Watch
23:12 Hand Cart
24:10 Ballistics
24:35 Gambesons
24:51 Squires
24:12 Pikeman
25:43 Halberdier
28:30 Caravan
30:06 Treadmill Crane
30:22 Murder Holes
30:38 Fortified Wall
31:45 Husbandry
31:05 Cavalier
32:24 Scale Barding Armor
32:30 Forging
33:52 Chain Barding Armor
34:58 Paladin
Connection lost

Rejoining the realm…

Still unreachable

The connection could not be restored.

Session expired

The server has moved on; the page needs a fresh start.